 Dungeon Crawl Stone Soup version 0.31-a0-188-g5e087ee (webtiles) character file.

Game seed: 11099577754966630733

1834 JamPaladin the Magician (level 8, -10/64 HPs)
             Began as a Gnoll Warper on June 23, 2023.
             Was a Priest of Ru.
             Killed from afar by an acid dragon (28 damage)
             ... with a splash of acid
             ... on level 7 of the Dungeon.
             The game lasted 00:34:23 (8883 turns).

JamPaladin the Magician (Gnoll Warper)              Turns: 8883, Time: 00:34:24

Health: -10/64     AC:  3    Str: 12    XL:     8   Next: 11%
Magic:  17/17      EV: 13    Int: 13    God:    Ru [***...]
Gold:   357        SH:  0    Dex: 12    Spells: 13/20 levels left

rFire   + . .        s - +1 dire flail (heavy)
rCold   + . .        (shield currently unavailable)
rNeg    . . .        j - +0 chain mail
rPois   .            x - +0 helmet
rElec   .            i - scarf {rC+ rF+}
rCorr   .            (no gloves)
SInv    .            (no boots)
Will    .....        (no amulet) Stlth
                     n - +5 ring of evasion
HPRegen 0.30/turn    (no ring)
MPRegen 0.15/turn

%: no passive effects
@: corroded
A: fangs 1, weak-willed 1, inexperienced 1, strong nose, distributed training
a: Renounce Religion, Draw Out Power


You were on level 7 of the Dungeon.
You worshipped Ru.
Ru was most pleased with you.
You visited 2 branches of the dungeon, and saw 8 of its levels.

You collected 435 gold pieces.
You spent 78 gold pieces at shops.

Inventory:

Hand Weapons
 a - a +0 falchion
 e - a +5 hand axe
 s - a +1 heavy dire flail (weapon)
 u - a +2 dagger of protection
 w - a +0 hand axe of freezing
Missiles
 d - 7 boomerangs of dispersal
 k - 41 stones
 r - 2 silver javelins (quivered)
 t - 2 curare-tipped darts
 v - a throwing net
Armour
 b - a +0 leather armour
 g - a +0 ring mail
 i - a scarf of resistance (worn)
 j - a +0 chain mail (worn)
 x - a +0 helmet (worn)
Jewellery
 n - a +5 ring of evasion (left hand)
 y - a ring of protection from fire
Scrolls
 c - a scroll of blinking
 h - a scroll of amnesia {unknown}
Potions
 f - a potion of haste
 l - 2 potions of enlightenment
 m - 2 potions of attraction
 p - 4 potions of brilliance
 q - 2 potions of curing {unknown}


   Skills:
 + Level 6.2 Fighting
 + Level 4.0 Short Blades
 + Level 6.2 Long Blades
 + Level 4.0 Axes
 + Level 4.0 Maces & Flails
 + Level 4.0 Polearms
 + Level 4.0 Staves
 + Level 4.0 Ranged Weapons
 + Level 4.9 Throwing
 + Level 4.9 Armour
 + Level 6.2 Dodging
 + Level 4.0 Stealth
 + Level 4.0 Shields
 + Level 4.0 Unarmed Combat
 + Level 6.5 Spellcasting
 + Level 3.3 Conjurations
 + Level 3.3 Hexes
 + Level 3.3 Summonings
 + Level 3.3 Necromancy
 + Level 6.4 Translocations
 + Level 3.3 Transmutations
 + Level 3.3 Fire Magic
 + Level 3.3 Ice Magic
 + Level 3.3 Air Magic
 + Level 3.3 Earth Magic
 + Level 3.3 Poison Magic
 + Level 4.5 Invocations
 + Level 4.0 Evocations


You had 13 spell levels left.
You knew the following spells:

 Your Spells              Type           Power      Damage    Failure   Level
a - Blink                 Tloc           42%        N/A       34%         2
b - Lesser Beckoning      Tloc           42%        N/A       34%         2
c - Teleport Other        Tloc           21%        N/A       56%         3

Your spell library contained the following spells:

 Spells                   Type           Power      Damage    Failure   Level
 Static Discharge         Conj/Air       24%        2-3/arc   77%         2
 Vhi's Electric Charge    Tloc/Air       34%        N/A       78%         3
 Manifold Assault         Tloc           21%        N/A       92%         4
 Passage of Golubria      Tloc           21%        N/A       92%         4
 Airstrike                Air            6%         2d(1-17)  100%        4
 Summon Lightning Spire   Summ/Air       12%        N/A       100%        4
 Silence                  Hex/Air        6%         N/A       100%        5
 Lehudib's Crystal Spear  Conj/Erth      6%         10d3      100%        8


Dungeon Overview and Level Annotations

Branches:
Dungeon (7/15)             Temple (1/1) D:4

Altars:
Ashenzari
Cheibriados
Dithmenos
Elyvilon
Fedhas
Hepliaklqana
Kikubaaqudgha
Makhleb
Nemelex Xobeh
Okawaru
Qazlal
Ru
Sif Muna
Trog
Uskayaw
Wu Jian
Xom
Yredelemnul
Zin
The Shining One

Shops:
D:3 :(   D:4 =

Annotations:
D:3 1 runed translucent door, dontdoit's ghost, weakling DgTm


Innate Abilities, Weirdness & Mutations

You have very sharp teeth.
You are slightly weak-willed. (Will-)
You are somewhat inexperienced. (-1 XL)
Your uncanny sense of smell can sniff out nearby items.
Your experience applies equally to all skills.


Message History

The sky beast is stunned by your conviction and fails to attack.
You impale the sky beast!!
You kill the sky beast!
HP restored.
The acid dragon roars!
Items here: $ ) ? [ †.
h - a scroll labelled KAIT VOWUCI You now have enough gold to buy a ring of fire on D:4.
You can access your shopping list by pressing '$'.
You now have 357 gold pieces (gained 20).
Throw: boomerang
Press: ? - help, Q - select action, (/) - cycle Shift-Dir - straight line, f - acid dragon
Aim: an acid dragon (63% to hit)
You throw a boomerang.
The boomerang hits the acid dragon and shatters for extra damage!
The acid dragon is moderately wounded.
Unknown command.
Throw: 3 javelins (silver)
Press: ? - help, Q - select action, (/) - cycle Shift-Dir - straight line, f/p - acid dragon
Aim: an acid dragon (moderately wounded, 63% to hit)
You throw a silver javelin.
The silver javelin closely misses the acid dragon.
The acid dragon spits acid at you. The splash of acid hits you!!
The acid corrodes you!
You barely miss the acid dragon.
The acid dragon is moderately wounded.
The acid dragon bites you. The acid dragon closely misses you.
You closely miss the acid dragon.
The acid dragon is moderately wounded.
An ice beast comes into view.
The acid dragon spits acid at you. The splash of acid hits you!
The acid corrodes you! The acid dragon bites you.
* * * LOW HITPOINT WARNING * * *
The acid dragon barely misses you.
The acid dragon attacks as you move away!
The acid dragon barely misses you. The acid dragon claws you.
* * * LOW HITPOINT WARNING * * *
The acid dragon spits acid at you. The splash of acid hits you!!
You die...

#...#.#.....# ##
#...#.#.#...# # #...
####...#.#.#####.###....
####..............#......#
#...>.....#.#.......#....#
####...............#.##.....#
.....................#...#
####.........#####.##....#
.........<....@.DY)#.....# ..
####......#########...#.....#
...............##...)#.###.#
###......#####.#.....#.....#
#..........#....#(....#..
#..........#....#[###.#)###.
#..........#....#.....#.....
###........#.......#.....#
#........#...###.#.###.#


You could see an acid dragon (catching breath) and an ice beast.

Vanquished Creatures
  Menkaure (D:6)
  Edmund (D:6)
  2 ice beasts (D:6)
  4 sky beasts
  A centaur (D:6)
  2 kobold brigands (D:6)
  2 bullfrogs (D:6)
  A gnoll sergeant (D:5)
  2 scorpions
  3 hounds
  An orc priest (D:3)
  A gnoll bouda (D:7)
  A jelly (D:5)
  3 iguanas
  2 sleepcaps
  An orc wizard (D:6)
  A mummy (D:4)
  Robin (D:4)
  4 gnolls
  4 adders
  A shadow imp (D:6)
  An ufetubus (D:3)
  4 worms
  4 dart slugs
  8 orcs
  6 ball pythons
  5 endoplasms
  3 giant cockroaches
  16 goblins
  6 hobgoblins
  3 jackals (D:2)
  3 bats
  2 frilled lizards (D:1)
  2 goblin zombies (D:4)
  10 kobolds
  3 rats
115 creatures vanquished.

Notes
Turn   | Place    | Note
-------+----------+-------------------------------------------
     0 | D:1      | JamPaladin the Gnoll Warper began the quest for the Orb.
     0 | D:1      | Reached XP level 1. HP: 20/20 MP: 6/6
   278 | D:1      | Reached XP level 2. HP: 26/26 MP: 7/7
   310 | D:1      | Learned a level 2 spell: Blink
   313 | D:1      | Learned a level 2 spell: Lesser Beckoning
  1236 | D:2      | Reached skill level 5 in Spellcasting
  1236 | D:2      | Reached XP level 3. HP: 31/31 MP: 7/9
  1258 | D:2      | Learned a level 3 spell: Teleport Other
  1395 | D:2      | Reached skill level 1 in Invocations
  1516 | D:2      | Reached skill level 1 in Short Blades
  1516 | D:2      | Reached skill level 1 in Axes
  1516 | D:2      | Reached skill level 1 in Maces & Flails
  1516 | D:2      | Reached skill level 1 in Polearms
  1516 | D:2      | Reached skill level 1 in Staves
  1516 | D:2      | Reached skill level 1 in Ranged Weapons
  1516 | D:2      | Reached skill level 1 in Stealth
  1516 | D:2      | Reached skill level 1 in Shields
  1516 | D:2      | Reached skill level 1 in Unarmed Combat
  1516 | D:2      | Reached skill level 1 in Evocations
  1749 | D:2      | Reached XP level 4. HP: 38/38 MP: 11/11
  1836 | D:3      | Noticed dontdoit's ghost (weakling DgTm)
  1838 | D:3      | Found a runed translucent door.
  1939 | D:3      | Found a faded altar of an unknown god.
  2186 | D:3      | Prayed at the altar of an unknown god.
  2186 | D:3      | Became a worshipper of Ru the Awakened
  2191 | D:3      | Gained mutation: You are somewhat inexperienced. (-1 XL)
                  | [Ru sacrifice]
  2191 | D:3      | Reached XP level 3. HP: 31/31 MP: 9/9
  2191 | D:3      | Reached * piety under Ru
  2310 | D:2      | Reached skill level 1 in Conjurations
  2310 | D:2      | Reached skill level 1 in Hexes
  2310 | D:2      | Reached skill level 1 in Summonings
  2310 | D:2      | Reached skill level 1 in Necromancy
  2310 | D:2      | Reached skill level 1 in Transmutations
  2310 | D:2      | Reached skill level 1 in Fire Magic
  2310 | D:2      | Reached skill level 1 in Ice Magic
  2310 | D:2      | Reached skill level 1 in Air Magic
  2310 | D:2      | Reached skill level 1 in Earth Magic
  2310 | D:2      | Reached skill level 1 in Poison Magic
  2712 | D:3      | Found Otypin's Vocational Training.
  2730 | D:3      | Found Bofitz Roeff's Weapon Boutique.
  2738 | D:3      | Reached XP level 4. HP: 38/38 MP: 11/11
  3076 | D:3      | Bought 2 throwing nets for 78 gold pieces
  3618 | D:4      | Found a staircase to the Ecumenical Temple.
  3624 | Temple   | Entered the Ecumenical Temple
  4298 | D:4      | Reached XP level 5. HP: 43/43 MP: 12/12
  4403 | D:4      | Noticed Robin
  4440 | D:4      | Killed Robin
  4510 | D:4      | Reached skill level 5 in Fighting
  4510 | D:4      | Reached skill level 5 in Long Blades
  4510 | D:4      | Reached skill level 5 in Dodging
  4689 | D:4      | Found Faug's Jewellery Shop.
  4917 | D:4      | Found a shadowy altar of Dithmenos.
  5056 | D:5      | Entered Level 5 of the Dungeon
  5558 | D:5      | Reached XP level 6. HP: 51/51 MP: 14/14
  5613 | D:5      | Gained mutation: You are slightly weak-willed. (Will-) [Ru
                  | sacrifice]
  5613 | D:5      | Reached ** piety under Ru
  5613 | D:5      | Reached *** piety under Ru
  6919 | D:6      | Noticed Edmund
  6948 | D:6      | Killed Edmund
  7123 | D:6      | Reached XP level 7. HP: 56/56 MP: 15/15
  7899 | D:7      | Noticed Menkaure
  8666 | D:6      | Killed Menkaure
  8825 | D:7      | Reached XP level 8. HP: 56/64 MP: 17/17
  8883 | D:7      | Killed from afar by an acid dragon

Illustrated notes

Levels and vault maps discovered:
D:1:      roderic_octagonal_star, layout_basic, amcnicky_mini_pool_small
D:2:      layout_rooms
D:3:      layout_basic, hellmonk_ecumenical_altar_zigzags, serial_shops,
          shop_statue, gammafunk_ghost_grave, nicolae_shop_vocational
D:4:      nicolae_BIG_FREAKIN_CUBE, layout_layer_cave,
          mainiacjoe_overflow_alcove_1, minmay_temple_entry_fiery,
          nicolae_ossuary_entry_giza, nicolae_inconvenience_store,
          nrook_mini_vaults, uniq_robin
D:5:      layout_loops_cross
D:6:      layout_rooms, hangedman_abyss_or_decor_stabs, uniq_edmund
D:7:      hangedman_cross_stitches, layout_basic, minmay_misc_feat_five,
          uniq_pikel, uniq_menkaure
Temple:   compressed_dpeg_triangle_lava_temple

Skill      XL: |  1  2  3  4  5  6  7  8 |
---------------+-------------------------+-----
Spellcasting   | 5 6 |  6.5
Invocations    | 1 2 3 4 |  4.5
Short Blades   | 1 2 3 4 |  4.0
Axes           | 1 2 3 4 |  4.0
Maces & Flails | 1 2 3 4 |  4.0
Polearms       | 1 2 3 4 |  4.0
Staves         | 1 2 3 4 |  4.0
Ranged Weapons | 1 2 3 4 |  4.0
Stealth        | 1 2 3 4 |  4.0
Shields        | 1 2 3 4 |  4.0
Unarmed Combat | 1 2 3 4 |  4.0
Evocations     | 1 2 3 4 |  4.0
Conjurations   | 1 2 3 |  3.3
Hexes          | 1 2 3 |  3.3
Summonings     | 1 2 3 |  3.3
Necromancy     | 1 2 3 |  3.3
Transmutations | 1 2 3 |  3.3
Fire Magic     | 1 2 3 |  3.3
Ice Magic      | 1 2 3 |  3.3
Air Magic      | 1 2 3 |  3.3
Earth Magic    | 1 2 3 |  3.3
Poison Magic   | 1 2 3 |  3.3
Throwing       | 3 4 |  4.9
Armour         | 3 4 |  4.9
Fighting       | 5 6 |  6.2
Long Blades    | 5 6 |  6.2
Dodging        | 5 6 |  6.2
Translocations | 6 |  6.4

Action                     |  1- 3 |  4- 6 |  7- 9 || total
---------------------------+-------+-------+-------++-------
  Melee: Hand axe          |    88 |    12 |       ||   100
         Punch             |     2 |     4 |       ||     6
         Bite              |     6 |    42 |     4 ||    52
         Falchion          |       |    32 |       ||    32
         Dagger            |       |   322 |       ||   322
         Dire flail        |       |     6 |    70 ||    76
  Throw: Stone             |     6 |       |     4 ||    10
         Javelin           |    28 |     8 |     6 ||    42
         Boomerang         |     8 |    75 |    28 ||   111
         Throwing net      |       |     5 |       ||     5
         Dart              |       |     1 |       ||     1
   Cast: Lesser Beckoning  |     6 |       |       ||     6
 Invoke: Sacrifice Experie |     1 |       |       ||     1
         Draw Out Power    |       |     2 |       ||     2
         Sacrifice Essence |       |     1 |       ||     1
    Use: Scroll            |     3 |    11 |     1 ||    15
         Potion            |       |     5 |       ||     5
   Stab: Held in net/web   |       |     2 |       ||     2
 Armour: Leather armour    |     7 |       |       ||     7
         Ring mail         |    22 |     7 |       ||    29
         Chain mail        |     2 |   145 |    45 ||   192
         Skin              |       |    20 |       ||    20
  Dodge: Dodged            |    42 |   105 |    62 ||   209

Table legend: (Time is in decaauts)
 A = Elapsed time spent in this place.
 B = Non-inter-level travel time spent in this place.
 C = Inter-level travel time spent in this place.
 D = Time resting spent in this place.
 E = Time spent auto-exploring this place.
 F = Levels seen in this place.
 G = Mean time per level.
                   A        B        C        D        E       F      G
               +--------+--------+--------+--------+--------+-----+--------+
         Total |   9006 |   8413 |    593 |   2943 |   3966 |   8 | 1125.8 |
       Dungeon |   8602 |   8023 |    579 |   2943 |   3589 |   7 | 1228.9 |
        Temple |    403 |    389 |     14 |      0 |    377 |   1 |  403.0 |
               +--------+--------+--------+--------+--------+-----+--------+

Top non-repeatable levels by time:
     D:6: 2171 daAuts
     D:3: 1738 daAuts
     D:5: 1223 daAuts
     D:4: 1207 daAuts
     D:1: 1160 daAuts
     D:2: 758 daAuts
  Temple: 403 daAuts
     D:7: 343 daAuts
